 Dungeon Crawl Stone Soup version 0.31-a0-182-gc5ef74bbde (webtiles) character file.

Game seed: 7148527322746410136

300 qw the Chopper (level 6, -3/39 HPs)
             Began as a Gargoyle Fighter on June 20, 2023.
             Slain by a two-headed ogre
             ... wielding a +0 giant club
              (6 damage)
             ... on level 5 of the Dungeon.
             The game lasted 00:01:25 (2991 turns).

qw the Chopper (Gargoyle Fighter)                   Turns: 2991, Time: 00:01:25

Health: -3/39      AC: 15    Str: 22    XL:     6   Next: 36%
Magic:  6/6        EV:  8    Int:  8    God:
Gold:   184        SH:  5    Dex: 15    Spells: 5/5 levels left

rFire   + . .        Y - +0 war axe
rCold   . . .        c - +0 buckler
rNeg    + . .        r - +0 chain mail
rPois   inf          (no helmet)
rElec   +            (no cloak)
rCorr   .            f - +1 pair of gloves
SInv    .            (no boots)
Will    .....        (no amulet) Stlth
                     g - ring of protection from fire
HPRegen 0.26/turn    k - +6 ring of dexterity
MPRegen 0.10/turn

%: no passive effects
@: about to teleport
A: sickness immunity, AC +4, negative energy resistance 1, electricity
resistance, torment resistance 1, petrification resistance
a: no special abilities


You were on level 5 of the Dungeon.
You visited 1 branch of the dungeon, and saw 5 of its levels.

You collected 184 gold pieces.


Innate Abilities, Weirdness & Mutations

You are immune to sickness and miasma.
Your stone body is resilient. (AC +4)
You are immune to poison.
You resist negative energy. (rN+)
You are resistant to electric shocks. (rElec)
You are resistant to unholy torment.
You are immune to petrification.


   Skills:
 - Level 4.5 Fighting
 + Level 5.1 Axes
 - Level 3.2 Armour
 - Level 1.0 Dodging
 - Level 3.2 Shields


You had 5 spell levels left.
You didn't know any spells.
Your spell library was empty.

Inventory:

Hand Weapons
 a - a +0 flail
 Y - a +0 war axe (weapon)
Armour
 c - a +0 buckler (worn)
 f - a +1 pair of gloves (worn)
 r - a +0 chain mail (worn)
Jewellery
 g - a ring of protection from fire (left hand)
 k - a +6 ring of dexterity (right hand)
Scrolls
 n - 2 scrolls of identify
Potions
 b - a potion of enlightenment
 d - a potion of might
 h - a potion of brilliance {unknown}
 i - a potion of curing
 j - a potion of cancellation {unknown}
 l - a potion of haste
 p - a potion of attraction {unknown}
 q - a potion of heal wounds
 s - a potion of lignification {unknown}
 t - a potion of berserk rage {unknown}

Dungeon Overview and Level Annotations

Branches:
Dungeon (5/15)
 Temple: D:4-7

Altars:
Zin


Message History

You throw a boomerang.
The boomerang hits the adder and shatters, but does no damage.
The adder is lightly wounded.
The adder closely misses you.
You closely miss the adder.
The adder is lightly wounded.
The adder bites you but does no damage. x2
You slash the adder!
You kill the adder!
Things that are here:
a +0 dagger; an orc corpse
Found 7 stones.
Enter note:
Enter note: A two-headed ogre comes into view.
It is wielding two +0 giant clubs.
Enter note:
Enter note:
Enter note:
Enter note: You closely miss the two-headed ogre.
The two-headed ogre barely misses you.
The two-headed ogre hits you but does no damage.
You slash the two-headed ogre!
The two-headed ogre is moderately wounded.
The two-headed ogre hits you with a +0 giant club!
The two-headed ogre closely misses you.
You barely miss the two-headed ogre.
The two-headed ogre is moderately wounded.
You hit the two-headed ogre.
The two-headed ogre is moderately wounded.
You block the two-headed ogre's attack.
The two-headed ogre hits you with a +0 giant club.
You slash the two-headed ogre!
The two-headed ogre is heavily wounded.
The two-headed ogre hits you with a +0 giant club! x2
2991 ||| READING scroll of teleportation.
As you read the scroll of teleportation, it crumbles to dust.
You feel strangely unstable.
The two-headed ogre hits you with a +0 giant club.
You die...

#...........
#.##........
#.##.#######
##.##)#
#<....#
####..#
.#####...#
#.....#...#
#####.#..@#
#.#..O..#
....#........
#####.....####
.......
......(.#
.........#
#.........#


You could see a two-headed ogre.

Vanquished Creatures
  2 centaurs (D:5)
  2 iguanas (D:5)
  An adder (D:5)
  A worm (D:2)
  8 orcs
  3 endoplasms
  A giant cockroach (D:1)
  9 goblins
  13 hobgoblins
  5 jackals
  5 quokkas
  7 ball pythons
  7 bats
  7 frilled lizards
  5 kobolds
  5 rats
81 creatures vanquished.

Notes
Turn   | Place    | Note
-------+----------+-------------------------------------------
     0 | D:1      | qw the Gargoyle Fighter began the quest for the Orb.
     0 | D:1      | Reached XP level 1. HP: 14/14 MP: 1/1
     0 | D:1      | 0 ||| qw: Version: 0.3-a-9-g12657ce
     0 | D:1      | 0 ||| qw: Game counter: 1445
     0 | D:1      | 0 ||| qw: Always use a shield: true
     0 | D:1      | 0 ||| qw: God list: Okawaru
     0 | D:1      | 0 ||| qw: Allow faded altars: false
     0 | D:1      | 0 ||| qw: Do Orc after D:15 true
     0 | D:1      | 0 ||| qw: Do second Lair branch before Depths: true
     0 | D:1      | 0 ||| qw: Lair rune preference: random
     0 | D:1      | 0 ||| qw: Plans: Normal, Zot:1-4, Slime:5, God:TSO, Crypt,
                  | Tomb, Abyss, Pan, Hells, Win
     0 | D:1      | 0 ||| PLANNING D:1-11
    39 | D:1      | Reached skill level 2 in Axes
   183 | D:1      | Reached XP level 2. HP: 17/19 MP: 2/2
   361 | D:1      | Reached skill level 3 in Axes
   402 | D:1      | Reached XP level 3. HP: 21/23 MP: 3/3
   605 | D:1      | 605 ||| UPGRADING to +1 pair of gloves.
   610 | D:1      | 610 ||| READING scroll labelled LUIZOTHRISUI.
  1253 | D:2      | 1253 ||| UPGRADING to ring of protection from fire.
  1254 | D:2      | 1254 ||| UPGRADING to +6 ring of dexterity.
  1255 | D:2      | 1255 ||| READING scroll labelled NUMETYPTUTH.
  1256 | D:2      | 1256 ||| READING scroll labelled ADUSTRE JEFIL.
  1318 | D:3      | 1318 ||| Stepping ~*~*~tactically~*~*~ (hiding).
  1319 | D:3      | 1319 ||| Stepping ~*~*~tactically~*~*~ (hiding).
  1332 | D:3      | 1332 ||| DROPPING +0 club.
  1437 | D:3      | 1437 ||| Stepping ~*~*~tactically~*~*~ (stealth).
  1834 | D:3      | Found a faded altar of an unknown god.
  1867 | D:3      | 1867 ||| Stepping ~*~*~tactically~*~*~ (stealth).
  1868 | D:3      | 1868 ||| Stepping ~*~*~tactically~*~*~ (stealth).
  1869 | D:3      | 1869 ||| Stepping ~*~*~tactically~*~*~ (stealth).
  1872 | D:3      | Reached skill level 1 in Dodging
  1872 | D:3      | Reached XP level 4. HP: 28/28 MP: 4/4
  1957 | D:3      | 1957 ||| READING scroll labelled DERHOU WUYNLA.
  1958 | D:3      | 1958 ||| READING 2 scrolls labelled MOIF HIENNOJU.
  1959 | D:3      | 1959 ||| READING scroll labelled WIMIMAACZI.
  1960 | D:3      | 1960 ||| DRINKING 2 lumpy ruby potions.
  1961 | D:3      | 1961 ||| DRINKING 2 sapphire potions.
  1962 | D:3      | 1962 ||| DRINKING 2 puce potions.
  2162 | D:4      | Found a glowing silver altar of Zin.
  2256 | D:4      | 2256 ||| Stepping ~*~*~tactically~*~*~ (stealth).
  2418 | D:4      | Reached skill level 4 in Axes
  2728 | D:4      | 2728 ||| UPGRADING to +0 chain mail.
  2738 | D:4      | 2738 ||| DROPPING +0 scale mail.
  2739 | D:4      | 2739 ||| READING scroll labelled ZYHYREBIST.
  2749 | D:5      | Entered Level 5 of the Dungeon
  2749 | D:5      | Noticed a centaur
  2750 | D:5      | 2750 ||| Stepping ~*~*~tactically~*~*~ (hiding).
  2759 | D:5      | Killed a centaur
  2760 | D:5      | Reached XP level 5. HP: 31/32 MP: 5/5
  2788 | D:5      | 2788 ||| READING 2 scrolls of identify.
  2788 | D:5      | 2788 ||| IDENTIFYING amethyst potion
  2795 | D:5      | Reached skill level 5 in Axes
  2838 | D:5      | Noticed a centaur
  2839 | D:5      | 2839 ||| Stepping ~*~*~tactically~*~*~ (hiding).
  2843 | D:5      | 2843 ||| Stepping ~*~*~tactically~*~*~ (hiding).
  2844 | D:5      | 2844 ||| Stepping ~*~*~tactically~*~*~ (hiding).
  2845 | D:5      | 2845 ||| Stepping ~*~*~tactically~*~*~ (hiding).
  2850 | D:5      | Killed a centaur
  2851 | D:5      | Reached XP level 6. HP: 21/39 MP: 6/6
  2966 | D:5      | 2966 ||| Stepping ~*~*~tactically~*~*~ (stealth).
  2980 | D:5      | Noticed a two-headed ogre
  2990 | D:5      | HP: 2/39 [two-headed ogre/+0 giant club (13)]
  2991 | D:5      | 2991 ||| READING scroll of teleportation.
  2991 | D:5      | Slain by a two-headed ogre

Levels and vault maps discovered:
D:1:      onia_arrival_mini_maze_b, layout_basic
D:2:      layout_loops_ring, kennysheep_generic_room_6
D:3:      layout_basic, ebering_ecumenical_altar_petrified
D:4:      corexii_shack_village, layout_basic, zin_scriptorium
D:5:      layout_basic, serial_co_window_serial, co_window_paths_a,
          co_window_of_opportunity_a, co_window_paths_a, co_window_paths_a,
          co_window_corner_a, co_window_corner_a, co_window_cross_1,
          co_window_broadway_b, co_window_of_opportunity_b,
          co_window_unsneaky_path_d, co_window_2corner, glass_columns_b,
          glass_columns_a, glass_columns_c

Skill      XL: |  1  2  3  4  5 |
---------------+----------------+-----
Axes           | 2 3 4 5 |  5.1
Dodging        | 1 |  1.0
Fighting       | 4 |  4.5
Armour         | |  3.2
Shields        | |  3.2

Action                     |  1- 3 |  4- 6 || total
---------------------------+-------+-------++-------
  Melee: War axe           |   112 |    64 ||   176
  Throw: Boomerang         |    24 |    18 ||    42
    Use: Scroll            |     3 |     6 ||     9
         Potion            |       |     3 ||     3
 Armour: Scale mail        |    57 |    19 ||    76
         Chain mail        |       |    27 ||    27
  Dodge: Dodged            |    50 |    34 ||    84
  Block: Buckler           |    25 |    18 ||    43

Table legend:
 A = Non-vault XP
 B = Vault XP
 C = Vault XP percentage of total XP
 D = Non-vault monster count
 E = Vault monster count
 F = Vault count percentage of total count
                 A         B        C        D         E       F
            +---------+---------+-------+---------+---------+-------
      Total |     397 |      32 |   7.5 |      67 |      14 |  17.3
            +---------+---------+-------+---------+---------+-------
        D:1 |      39 |       2 |   4.9 |      26 |       1 |   3.7
        D:2 |      14 |       6 |  30.0 |       9 |       2 |  18.2
        D:3 |      26 |       0 |   0.0 |      15 |       0 |   0.0
        D:4 |      20 |      24 |  54.5 |       9 |      11 |  55.0
        D:5 |     298 |       0 |   0.0 |       8 |       0 |   0.0
            +---------+---------+-------+---------+---------+-------
